Oilers vs Senateurs
Created - May 29, 2023 at 19:44
Goals
|
| Oilers |
1 |
1 |
0 |
0 |
1 |
3 |
| Senateurs |
1 |
1 |
0 |
0 |
0 |
2 |
|
Shots
|
| Oilers |
11 |
11 |
8 |
1 |
3 |
31 |
| Senateurs |
14 |
2 |
8 |
0 |
3 |
24 |
|
1st period
1. Oilers , Nick Bjugstad 27 (Claude Giroux 42, Ryan Nugent-Hopkins 39) at 4:48
2. Senateurs , Jeff Woywitka 2 (Jared Cowen 35, Cody Eakin 14) at 6:02
Penalties :
Tim Schaller (Ott) for High sticking (Minor) at 7:35, Rostislav Olesz (Ott) for Hooking (Minor) at 16:19
2nd period
3. Oilers , Ryan Getzlaf 9 (Jake Gardiner 30) at 2:29
4. Senateurs , Jared Cowen 9 (Derick Brassard 42, Brandon Sutter 32) at 14:56
Penalties :
David Backes (Ott) for Hooking (Minor) at 0:22, Ladislav Smid (Ott) for Holding (Minor) at 3:30, Peter Regin (Ott) for Tripping (Minor) at 10:53, Ryan Nugent-Hopkins (Edm) for Tripping (Minor) at 16:04
3rd period
No Goal
Penalties :
Connor McDavid (Edm) for Slashing (Minor) at 5:13, Tim Schaller (Ott) for High sticking (Minor) at 7:50, Jeff Woywitka (Ott) for Hooking (Minor) at 16:03
Overtime #1
No Goal
Penalties :
No Penalty
Shootout
Oilers, Claude Giroux - Stopped by Jaroslav Halak
Senateurs, Cody Eakin - Shot Misses the Net
Oilers, Connor McDavid - Stopped by Jaroslav Halak
Senateurs, Michael Frolik - Stopped by James Reimer
Oilers, David Pastrnak - Goal!
Senateurs, Derick Brassard - Shot Misses the Net
Penalties :
No Penalty
Goalie Stats
James Reimer (Edm), 22 saves from 24 shots - (0.917), W, 35-27-6, 65:00 minutes
Jaroslav Halak (Ott), 29 saves from 31 shots - (0.935), OTL, 10-18-3, 65:00 minutes
Players Stats for Oilers
Player Name G A P +/- PIM S H SB GA TA FO MP PP MP PK MP
------------------------------------------------------------------------------------
Brady Skjei 0 0 0 1 0 5 0 2 1 1 0/0 29:38 7:10 2:11
Cam Barker 0 0 0 -2 0 3 0 0 0 1 0/0 23:03 6:43 1:47
Claude Giroux 0 1 1 1 0 4 1 1 2 0 0/1 24:02 6:34 1:58
Connor McDavid 0 0 0 -1 2 2 2 0 0 0 9/22 20:36 7:18 0:57
Dalton Prout 0 0 0 -2 0 1 0 0 0 0 0/0 23:03 6:43 1:47
David Pastrnak 0 0 0 -1 0 0 0 0 0 0 0/2 17:20 7:18 0:00
Dennis Everberg 0 0 0 0 0 1 1 0 0 0 0/0 9:00 0:17 0:00
Jake Gardiner 0 1 1 1 0 1 3 1 1 0 0/0 29:38 7:10 2:11
James Neal 0 0 0 0 0 2 2 0 0 0 0/0 11:56 0:20 1:22
Leon Draisaitl 0 0 0 -1 0 0 0 0 0 0 0/2 20:46 6:59 1:42
Mark Stone 0 0 0 0 0 0 0 0 0 0 0/0 9:36 0:00 0:00
Nick Bjugstad 1 0 1 1 0 3 1 0 0 0 0/1 20:05 6:18 0:00
Peter Mueller 0 0 0 0 0 1 1 0 0 0 2/5 11:07 0:17 1:28
Ryan Getzlaf 1 0 1 0 0 1 0 0 0 0 3/6 10:55 0:00 0:17
Ryan Nugent-Hopkins 0 1 1 1 2 5 1 0 1 0 8/18 21:42 6:18 0:00
Tobias Enstrom 0 0 0 1 0 0 0 1 0 1 0/0 12:19 0:00 0:00
Trevor Daley 0 0 0 1 0 0 1 0 0 0 0/0 12:19 0:00 0:00
Zach Hyman 0 0 0 0 0 2 2 0 0 0 0/0 8:55 0:00 0:12
Players Stats for Senateurs
Player Name G A P +/- PIM S H SB GA TA FO MP PP MP PK MP
------------------------------------------------------------------------------------
Brandon Sutter 0 1 1 -1 0 3 3 1 1 1 20/29 24:45 2:09 7:24
Cody Eakin 0 1 1 1 0 2 2 0 0 0 6/9 13:15 0:00 1:22
David Backes 0 0 0 -1 2 4 1 0 1 0 0/1 14:48 2:09 0:00
Derick Brassard 0 1 1 -1 0 0 3 0 0 0 3/5 24:44 2:09 7:24
Eric Gelinas 0 0 0 0 0 0 1 2 0 1 0/0 26:43 1:40 6:51
Erik Haula 0 0 0 0 0 0 3 0 0 0 6/10 19:38 1:49 4:52
Garnet Hathaway 0 0 0 0 0 0 0 1 0 0 0/0 6:52 0:00 0:00
Jared Cowen 1 1 2 1 0 2 1 0 0 1 0/0 30:17 2:18 7:53
Jeff Woywitka 1 0 1 0 2 2 2 1 0 0 0/0 25:34 2:18 5:48
Ladislav Smid 0 0 0 -1 2 0 0 0 0 1 0/0 23:05 1:40 5:12
Michael Frolik 0 0 0 0 0 1 1 0 0 0 0/1 11:39 1:49 0:00
Ole-Kristian Tollefsen 0 0 0 0 0 1 0 0 0 0 0/0 10:49 0:00 0:00
Peter Regin 0 0 0 0 2 2 0 0 0 0 0/2 7:00 0:00 0:00
Riley Sheahan 0 0 0 1 0 2 0 1 1 0 0/0 10:38 0:00 0:00
Rostislav Olesz 0 0 0 1 2 0 2 0 0 0 0/0 14:11 0:00 1:37
Sean Bergenheim 0 0 0 0 0 2 0 1 0 1 0/0 19:56 1:49 5:07
Taylor Chorney 0 0 0 0 0 1 1 0 0 0 0/0 13:36 0:00 2:02
Tim Schaller 0 0 0 0 4 2 0 1 0 0 0/0 8:30 0:00 0:00
3 Stars
1 - Jared Cowen (Ott)
2 - Nick Bjugstad (Edm)
3 - Jake Gardiner (Edm)
Power Play
Oilers - 0 on 7 Attempt(s) - 0.00%
Senateurs - 0 on 2 Attempt(s) - 0.00%
Penalty Kill
Oilers - 2 on 2 Attempt(s) - 100.00%
- Score 0 goal in Penalty Kill
Senateurs - 7 on 7 Attempt(s) - 100.00%
- Score 0 goal in Penalty Kill
Team Stat
Oilers - Hits : 15 - Faceoff Wins : 22 - Blocked Shots : 5 - Penalty Minutes : 4
Senateurs - Hits : 20 - Faceoff Wins : 35 - Blocked Shots : 8 - Penalty Minutes : 14
Official
Referees : Tim Peel and Ghislain Hebert
Linesman : Derek Amell and Kiel Murchison
Game Notes
No Game Note
Finance
Level 1 -- Attendance: 6000 (100.00%) -- Ticket Income $600,000
Level 2 -- Attendance: 5000 (100.00%) -- Ticket Income $300,000
Level 3 -- Attendance: 1934 (96.70%) -- Ticket Income $67,690
Level 4 -- Attendance: 4000 (100.00%) -- Ticket Income $100,000
Luxury Box -- Attendance: 953 (95.30%) -- Ticket Income $190,600
Game was played at the Centre Canadian Tire.
Total Attendance: 17887 (99.37%)
Total Ticket Income: $1,258,290
Other Income: $188,744
Total Income: $1,447,034
Oilers
5 vs 5 Forward
Center Left Wing Right Wing Time % Phy DF OF
1 Ryan Nugent-Hopkins Claude Giroux Nick Bjugstad 40 1 2 2
2 Connor McDavid Leon Draisaitl David Pastrnak 30 1 2 2
3 Ryan Getzlaf James Neal Mark Stone 20 1 2 2
4 Peter Mueller Zach Hyman Dennis Everberg 10 1 2 2
5 vs 5 Defense
Defense Defense Time % Phy DF OF
1 Brady Skjei Jake Gardiner 40 1 2 2
2 Cam Barker Dalton Prout 30 1 2 2
3 Tobias Enstrom Trevor Daley 20 1 2 2
4 Brady Skjei Jake Gardiner 10 1 2 2
PowerPlay Forward
Center Left Wing Right Wing Time % Phy DF OF
1 Connor McDavid Claude Giroux David Pastrnak 60 1 2 2
2 Ryan Nugent-Hopkins Leon Draisaitl Nick Bjugstad 40 1 2 2
PowerPlay Defense
Defense Defense Time % Phy DF OF
1 Brady Skjei Jake Gardiner 60 1 2 2
2 Cam Barker Dalton Prout 40 1 2 2
Penalty Kill 4 Players Forward
Center Wing Time % Phy DF OF
1 Connor McDavid Claude Giroux 60 1 2 2
2 Ryan Nugent-Hopkins Leon Draisaitl 40 1 2 2
Penalty Kill 4 Players Defense
Defense Defense Time % Phy DF OF
1 Brady Skjei Jake Gardiner 60 1 2 2
2 Cam Barker Dalton Prout 40 1 2 2
Penalty Kill - 3 Players Forward
Forward Time % Phy DF OF
1 Connor McDavid 60 1 2 2
2 Ryan Nugent-Hopkins 40 1 2 2
Penalty Kill - 3 Players Defense
Defense Defense Time % Phy DF OF
1 Brady Skjei Jake Gardiner 60 1 2 2
2 Cam Barker Dalton Prout 40 1 2 2
4 vs 4 Forward
Center Wing Time % Phy DF OF
1 Connor McDavid Claude Giroux 60 1 2 2
2 Ryan Nugent-Hopkins Leon Draisaitl 40 1 2 2
4 vs 4 Defense
Defense Defense Time % Phy DF OF
1 Brady Skjei Jake Gardiner 60 1 2 2
2 Cam Barker Dalton Prout 40 1 2 2
Last Minutes Offensive
Center Left Wing Right Wing Defense Defense
Connor McDavid Claude Giroux David Pastrnak Brady Skjei Jake Gardiner
Last Minutes Defensive
Center Left Wing Right Wing Defense Defense
Connor McDavid Claude Giroux David Pastrnak Brady Skjei Jake Gardiner
Goaltenders
Starting : James Reimer
Backup : Jonas Hiller
Extra Forwards
Normal : Leon Draisaitl, Ryan Nugent-Hopkins, Ryan Getzlaf - PP : Leon Draisaitl, Ryan Nugent-Hopkins - PK : Leon Draisaitl
Extra Defensemen
Normal : Dalton Prout, Tobias Enstrom, Trevor Daley - PP : Dalton Prout - PK : Dalton Prout, Tobias Enstrom
Penalty Shots
Claude Giroux, Connor McDavid, David Pastrnak, Nick Bjugstad, Leon Draisaitl
Scratches
Marcus Pettersson (Healthy)
Senateurs
5 vs 5 Forward
Center Left Wing Right Wing Time % Phy DF OF
1 Brandon Sutter Derick Brassard David Backes 40 1 2 2
2 Erik Haula Sean Bergenheim Michael Frolik 30 1 2 2
3 Cody Eakin Rostislav Olesz Riley Sheahan 20 1 2 2
4 Peter Regin Tim Schaller Garnet Hathaway 10 1 2 2
5 vs 5 Defense
Defense Defense Time % Phy DF OF
1 Jared Cowen Jeff Woywitka 40 1 2 2
2 Eric Gelinas Ladislav Smid 30 1 2 2
3 Taylor Chorney Ole-Kristian Tollefsen 20 1 2 2
4 Jared Cowen Eric Gelinas 10 1 2 2
PowerPlay Forward
Center Left Wing Right Wing Time % Phy DF OF
1 Brandon Sutter Derick Brassard David Backes 60 0 1 4
2 Erik Haula Sean Bergenheim Michael Frolik 40 1 1 3
PowerPlay Defense
Defense Defense Time % Phy DF OF
1 Jared Cowen Jeff Woywitka 60 1 1 3
2 Eric Gelinas Ladislav Smid 40 1 1 3
Penalty Kill 4 Players Forward
Center Wing Time % Phy DF OF
1 Brandon Sutter Derick Brassard 60 1 2 2
2 Erik Haula Sean Bergenheim 40 1 2 2
Penalty Kill 4 Players Defense
Defense Defense Time % Phy DF OF
1 Jared Cowen Eric Gelinas 60 1 2 2
2 Ladislav Smid Jeff Woywitka 40 1 2 2
Penalty Kill - 3 Players Forward
Forward Time % Phy DF OF
1 Brandon Sutter 60 1 2 2
2 Erik Haula 40 1 2 2
Penalty Kill - 3 Players Defense
Defense Defense Time % Phy DF OF
1 Jared Cowen Eric Gelinas 60 1 2 2
2 Ladislav Smid Jeff Woywitka 40 1 2 2
4 vs 4 Forward
Center Wing Time % Phy DF OF
1 Brandon Sutter Derick Brassard 60 1 2 2
2 Erik Haula Sean Bergenheim 40 1 2 2
4 vs 4 Defense
Defense Defense Time % Phy DF OF
1 Jared Cowen Eric Gelinas 60 1 2 2
2 Ladislav Smid Jeff Woywitka 40 1 2 2
Last Minutes Offensive
Center Left Wing Right Wing Defense Defense
Brandon Sutter Derick Brassard David Backes Jared Cowen Eric Gelinas
Last Minutes Defensive
Center Left Wing Right Wing Defense Defense
Brandon Sutter Derick Brassard David Backes Jared Cowen Eric Gelinas
Goaltenders
Starting : Jaroslav Halak
Backup : Brian Elliott
Extra Forwards
Normal : Sean Bergenheim, Brandon Sutter, Erik Haula - PP : Sean Bergenheim, Brandon Sutter - PK : Sean Bergenheim
Extra Defensemen
Normal : Jeff Woywitka, Taylor Chorney, Ole-Kristian Tollefsen - PP : Jeff Woywitka - PK : Jeff Woywitka, Taylor Chorney
Penalty Shots
Cody Eakin, Michael Frolik, Derick Brassard, Riley Sheahan, Peter Regin
Scratches
Anthony Bitetto (Healthy), Chris Stewart (Healthy), Jordan Martinook (Healthy), Linden Vey (Healthy), Ryan Parent (Healthy)
% Time on Ice - Oilers
Lines # - Real PCT - Wanted PCT - Time Play
Normal Forward
1 - 32% - 40% - 13:25
2 - 25% - 30% - 10:25
3 - 23% - 20% - 9:36
4 - 21% - 10% - 8:43
Normal Defense
1 - 39% - 40% - 16:25
2 - 30% - 30% - 12:43
3 - 28% - 20% - 11:50
4 - 3% - 10% - 1:11
PP Forward
1 - 53% - 60% - 7:18
2 - 47% - 40% - 6:35
PP Defense
1 - 52% - 60% - 7:10
2 - 48% - 40% - 6:43
PK Forward
1 - 96% - 60% - 3:48
2 - 4% - 40% - 0:10
PK Defense
1 - 55% - 60% - 2:11
2 - 45% - 40% - 1:47
PK3 Forward
1 - 0% - 60%
2 - 0% - 40%
PK3 Defense
1 - 0% - 60%
2 - 0% - 40%
44 Forward
1 - 97% - 60% - 4:51
2 - 3% - 40% - 0:09
44 Defense
1 - 63% - 60% - 3:10
2 - 37% - 40% - 1:50
Last Minute Offensive - 0:00
Last Minute Defensive - 0:00
Total
Forward - 65:00
Defense - 65:00
|
% Time on Ice - Senateurs
Lines # - Real PCT - Wanted PCT - Time Play
Normal Forward
1 - 31% - 40% - 13:10
2 - 27% - 30% - 11:29
3 - 25% - 20% - 10:38
4 - 16% - 10% - 6:52
Normal Defense
1 - 32% - 40% - 13:21
2 - 32% - 30% - 13:34
3 - 25% - 20% - 10:33
4 - 11% - 10% - 4:41
PP Forward
1 - 54% - 60% - 2:09
2 - 46% - 40% - 1:49
PP Defense
1 - 58% - 60% - 2:18
2 - 42% - 40% - 1:40
PK Forward
1 - 65% - 60% - 9:01
2 - 35% - 40% - 4:52
PK Defense
1 - 54% - 60% - 7:32
2 - 46% - 40% - 6:21
PK3 Forward
1 - 0% - 60%
2 - 0% - 40%
PK3 Defense
1 - 0% - 60%
2 - 0% - 40%
44 Forward
1 - 90% - 60% - 4:30
2 - 10% - 40% - 0:30
44 Defense
1 - 59% - 60% - 2:58
2 - 41% - 40% - 2:02
Last Minute Offensive - 0:00
Last Minute Defensive - 0:00
Total
Forward - 65:00
Defense - 65:00
|
Play-by-Play
1st period
0:01 of 1st period - Brandon Sutter wins face-off versus Ryan Nugent-Hopkins in neutral zone.
0:04 of 1st period - Claude Giroux is hit by Brandon Sutter and loses puck.
0:43 of 1st period - Jared Cowen is hit by Jake Gardiner and loses puck.
1:00 of 1st period - Snap shot by Cam Barker.
1:00 of 1st period - Stopped by Jaroslav Halak with a rebound.
1:15 of 1st period - Off-side.
1:16 of 1st period - Brandon Sutter wins face-off versus Peter Mueller in neutral zone.
1:22 of 1st period - Slapshot by Brandon Sutter.
1:22 of 1st period - Stopped by James Reimer without a rebound.
1:23 of 1st period - Erik Haula wins face-off versus Ryan Nugent-Hopkins in Oilers zone.
1:34 of 1st period - Snap shot by Sean Bergenheim.
1:34 of 1st period - Stopped by James Reimer without a rebound.
1:35 of 1st period - Cody Eakin wins face-off versus Connor McDavid in Oilers zone.
1:38 of 1st period - Slapshot by Cody Eakin.
1:38 of 1st period - Stopped by James Reimer without a rebound.
1:39 of 1st period - Cody Eakin wins face-off versus David Pastrnak in Oilers zone.
1:46 of 1st period - Snap shot by Riley Sheahan.
1:46 of 1st period - Stopped by James Reimer with a rebound.
2:45 of 1st period - Off-side.
2:46 of 1st period - Peter Mueller wins face-off versus Peter Regin in neutral zone.
4:02 of 1st period - Riley Sheahan is hit by James Neal and loses puck.
4:48 of 1st period - Snap shot by Nick Bjugstad.
4:48 of 1st period - Goal by Nick Bjugstad - Oilers : 1 - Senateurs : 0.
4:49 of 1st period - Derick Brassard wins face-off versus Nick Bjugstad in neutral zone.
5:01 of 1st period - Snap shot by Derick Brassard.
5:01 of 1st period - Deflect By David Backes.
5:01 of 1st period - Shot Hit the Post.
5:01 of 1st period - Puck is out of play.
5:02 of 1st period - Brandon Sutter wins face-off versus Connor McDavid in Oilers zone.
5:15 of 1st period - Snap shot by Brandon Sutter.
5:15 of 1st period - Shot Misses the Net.
5:29 of 1st period - Brady Skjei is hit by Jeff Woywitka and loses puck.
5:40 of 1st period - Snap shot by Ryan Nugent-Hopkins.
5:40 of 1st period - Shot Blocked by Sean Bergenheim.
5:58 of 1st period - Wrist shot by Riley Sheahan.
5:58 of 1st period - Deflect By Cody Eakin.
5:58 of 1st period - Stopped by James Reimer with a rebound.
6:00 of 1st period - Slapshot by Jared Cowen.
6:00 of 1st period - Stopped by James Reimer with a rebound.
6:02 of 1st period - Slapshot by Jeff Woywitka.
6:02 of 1st period - Deflect By Dalton Prout.
6:02 of 1st period - Goal by Jeff Woywitka - Oilers : 1 - Senateurs : 1.
6:03 of 1st period - Brandon Sutter wins face-off versus Ryan Nugent-Hopkins in neutral zone.
6:35 of 1st period - Michael Frolik is hit by Trevor Daley and loses puck.
7:02 of 1st period - Wrist shot by Cody Eakin.
7:02 of 1st period - Shot Misses the Net.
7:06 of 1st period - Snap shot by Cody Eakin.
7:06 of 1st period - Shot Blocked by Jake Gardiner.
7:35 of 1st period - Minor Penalty to Tim Schaller for High sticking.
7:36 of 1st period - Derick Brassard wins face-off versus Connor McDavid in Senateurs zone.
9:35 of 1st period - Penalty to Tim Schaller is over, Tim Schaller is back on ice.
11:59 of 1st period - Snap shot by Claude Giroux.
11:59 of 1st period - Stopped by Jaroslav Halak with a rebound.
12:23 of 1st period - Claude Giroux is hit by Derick Brassard and loses puck.
12:38 of 1st period - Wrist shot by Dennis Everberg.
12:38 of 1st period - Stopped by Jaroslav Halak with a rebound.
13:10 of 1st period - Ryan Getzlaf is hit by Michael Frolik and loses puck.
13:18 of 1st period - Off-side.
13:19 of 1st period - Ryan Nugent-Hopkins wins face-off versus Brandon Sutter in neutral zone.
14:51 of 1st period - Snap shot by Claude Giroux.
14:51 of 1st period - Stopped by Jaroslav Halak with a rebound.
14:53 of 1st period - Wrist shot by Claude Giroux.
14:53 of 1st period - Deflect By Ryan Nugent-Hopkins.
14:53 of 1st period - Shot Misses the Net.
14:53 of 1st period - Puck is out of play.
14:54 of 1st period - Brandon Sutter wins face-off versus Ryan Nugent-Hopkins in Senateurs zone.
15:29 of 1st period - Snap shot by Claude Giroux.
15:29 of 1st period - Stopped by Jaroslav Halak with a rebound.
15:31 of 1st period - Backhand shot by Ryan Nugent-Hopkins.
15:31 of 1st period - Shot Misses the Net.
15:33 of 1st period - Snap shot by Brady Skjei.
15:33 of 1st period - Shot Misses the Net.
15:35 of 1st period - Snap shot by Brady Skjei.
15:35 of 1st period - Stopped by Jaroslav Halak with a rebound.
15:37 of 1st period - Snap shot by Ryan Nugent-Hopkins.
15:37 of 1st period - Stopped by Jaroslav Halak with a rebound.
15:49 of 1st period - Wrist shot by Ryan Nugent-Hopkins.
15:49 of 1st period - Stopped by Jaroslav Halak with a rebound.
15:51 of 1st period - Snap shot by Nick Bjugstad.
15:51 of 1st period - Shot Blocked by Eric Gelinas.
16:19 of 1st period - Minor Penalty to Rostislav Olesz for Hooking.
16:20 of 1st period - Brandon Sutter wins face-off versus Connor McDavid in Senateurs zone.
17:16 of 1st period - Sean Bergenheim is hit by Dennis Everberg and loses puck.
17:30 of 1st period - Icing by Connor McDavid.
17:31 of 1st period - Brandon Sutter wins face-off versus Ryan Nugent-Hopkins in Oilers zone.
18:19 of 1st period - Penalty to Rostislav Olesz is over, Rostislav Olesz is back on ice.
18:28 of 1st period - Wrist shot by Ryan Nugent-Hopkins.
18:28 of 1st period - Shot Misses the Net.
18:30 of 1st period - Slapshot by Brady Skjei.
18:30 of 1st period - Stopped by Jaroslav Halak with a rebound.
18:32 of 1st period - Snap shot by Ryan Nugent-Hopkins.
18:32 of 1st period - Stopped by Jaroslav Halak without a rebound.
18:33 of 1st period - Cody Eakin wins face-off versus Ryan Getzlaf in Senateurs zone.
18:46 of 1st period - Wrist shot by Riley Sheahan.
18:46 of 1st period - Stopped by James Reimer with a rebound.
18:48 of 1st period - Slapshot by Taylor Chorney.
18:48 of 1st period - Stopped by James Reimer without a rebound.
18:49 of 1st period - Brandon Sutter wins face-off versus Peter Mueller in Oilers zone.
18:50 of 1st period - Snap shot by David Backes.
18:50 of 1st period - Stopped by James Reimer with a rebound.
18:52 of 1st period - Snap shot by David Backes.
18:52 of 1st period - Shot Blocked by Brady Skjei.
18:54 of 1st period - Snap shot by David Backes.
18:54 of 1st period - Shot Blocked by Brady Skjei.
18:56 of 1st period - Wrist shot by Derick Brassard.
18:56 of 1st period - Shot Misses the Net.
18:58 of 1st period - Wrist shot by David Backes.
18:58 of 1st period - Stopped by James Reimer without a rebound.
18:59 of 1st period - Brandon Sutter wins face-off versus Peter Mueller in Oilers zone.
19:00 of 1st period - Snap shot by David Backes.
19:00 of 1st period - Stopped by James Reimer with a rebound.
19:42 of 1st period - Snap shot by Brandon Sutter.
19:42 of 1st period - Shot Misses the Net.
19:44 of 1st period - Slapshot by Brandon Sutter.
19:44 of 1st period - Stopped by James Reimer with a rebound.
19:46 of 1st period - Wrist shot by Ole-Kristian Tollefsen.
19:46 of 1st period - Stopped by James Reimer without a rebound.
19:47 of 1st period - Erik Haula wins face-off versus Connor McDavid in Oilers zone.
19:58 of 1st period - Slapshot by Michael Frolik.
19:58 of 1st period - Shot Misses the Net.
Goals for this period are 1 for Oilers vs 1 for Senateurs.
Shots for this period are 11 for Oilers vs 14 for Senateurs.
2nd period
0:01 of 2nd period - Ryan Nugent-Hopkins wins face-off versus David Backes in neutral zone.
0:22 of 2nd period - Minor Penalty to David Backes for Hooking.
0:23 of 2nd period - Connor McDavid wins face-off versus Derick Brassard in Senateurs zone.
1:54 of 2nd period - Nick Bjugstad is hit by Erik Haula and loses puck.
2:22 of 2nd period - Penalty to David Backes is over, David Backes is back on ice.
2:27 of 2nd period - Wrist shot by Ryan Getzlaf.
2:27 of 2nd period - Shot Hit the Post.
2:29 of 2nd period - Snap shot by Ryan Getzlaf.
2:29 of 2nd period - Goal by Ryan Getzlaf - Oilers : 2 - Senateurs : 1.
2:30 of 2nd period - Ryan Getzlaf wins face-off versus Michael Frolik in neutral zone.
3:30 of 2nd period - Minor Penalty to Ladislav Smid for Holding.
3:31 of 2nd period - Brandon Sutter wins face-off versus Connor McDavid in Senateurs zone.
3:45 of 2nd period - Snap shot by Claude Giroux.
3:45 of 2nd period - Shot Blocked by Brandon Sutter.
4:02 of 2nd period - Sean Bergenheim is hit by Nick Bjugstad and loses puck.
5:07 of 2nd period - Brady Skjei is hit by Erik Haula and loses puck.
5:18 of 2nd period - Ryan Nugent-Hopkins is hit by Brandon Sutter and loses puck.
5:30 of 2nd period - Penalty to Ladislav Smid is over, Ladislav Smid is back on ice.
5:57 of 2nd period - Rostislav Olesz is hit by Peter Mueller and loses puck.
6:04 of 2nd period - Wrist shot by Zach Hyman.
6:04 of 2nd period - Stopped by Jaroslav Halak with a rebound.
6:06 of 2nd period - Slapshot by Cam Barker.
6:06 of 2nd period - Stopped by Jaroslav Halak without a rebound.
6:07 of 2nd period - Peter Mueller wins face-off versus Erik Haula in Senateurs zone.
6:14 of 2nd period - Wrist shot by Zach Hyman.
6:14 of 2nd period - Stopped by Jaroslav Halak with a rebound.
6:22 of 2nd period - Dalton Prout is hit by Erik Haula and loses puck.
6:33 of 2nd period - Snap shot by Riley Sheahan.
6:33 of 2nd period - Shot Misses the Net.
7:54 of 2nd period - Snap shot by James Neal.
7:54 of 2nd period - Shot Blocked by Garnet Hathaway.
8:43 of 2nd period - Icing by David Backes.
8:44 of 2nd period - Brandon Sutter wins face-off versus Ryan Getzlaf in Senateurs zone.
8:49 of 2nd period - Tobias Enstrom is hit by Derick Brassard and loses puck.
9:00 of 2nd period - Wrist shot by Ryan Getzlaf.
9:00 of 2nd period - Shot Misses the Net.
9:34 of 2nd period - Wrist shot by Connor McDavid.
9:34 of 2nd period - Stopped by Jaroslav Halak without a rebound.
9:35 of 2nd period - Erik Haula wins face-off versus Ryan Nugent-Hopkins in Senateurs zone.
10:03 of 2nd period - Snap shot by James Neal.
10:03 of 2nd period - Stopped by Jaroslav Halak with a rebound.
10:05 of 2nd period - Snap shot by James Neal.
10:05 of 2nd period - Stopped by Jaroslav Halak without a rebound.
10:06 of 2nd period - Cody Eakin wins face-off versus Ryan Getzlaf in Senateurs zone.
10:17 of 2nd period - Slapshot by Ladislav Smid.
10:17 of 2nd period - Shot Misses the Net.
10:43 of 2nd period - Wrist shot by Nick Bjugstad.
10:43 of 2nd period - Shot Misses the Net.
10:45 of 2nd period - Slapshot by Jake Gardiner.
10:45 of 2nd period - Stopped by Jaroslav Halak with a rebound.
10:53 of 2nd period - Minor Penalty to Peter Regin for Tripping.
10:54 of 2nd period - Connor McDavid wins face-off versus Brandon Sutter in Senateurs zone.
12:53 of 2nd period - Penalty to Peter Regin is over, Peter Regin is back on ice.
13:15 of 2nd period - Wrist shot by Peter Regin.
13:15 of 2nd period - Stopped by James Reimer with a rebound.
13:51 of 2nd period - Dalton Prout is hit by Taylor Chorney and loses puck.
14:03 of 2nd period - Icing by Connor McDavid.
14:04 of 2nd period - Connor McDavid wins face-off versus Cody Eakin in Oilers zone.
14:04 of 2nd period - Connor McDavid is hit by Rostislav Olesz.
14:38 of 2nd period - Icing by Jared Cowen.
14:39 of 2nd period - Connor McDavid wins face-off versus Brandon Sutter in Senateurs zone.
14:44 of 2nd period - Wrist shot by Connor McDavid.
14:44 of 2nd period - Deflect By David Pastrnak.
14:44 of 2nd period - Shot Misses the Net.
14:44 of 2nd period - Puck is out of play.
14:45 of 2nd period - Brandon Sutter wins face-off versus Connor McDavid in Senateurs zone.
14:56 of 2nd period - Slapshot by Jared Cowen.
14:56 of 2nd period - Goal by Jared Cowen - Oilers : 2 - Senateurs : 2.
14:57 of 2nd period - Brandon Sutter wins face-off versus Ryan Nugent-Hopkins in neutral zone.
15:07 of 2nd period - Slapshot by Brady Skjei.
15:07 of 2nd period - Stopped by Jaroslav Halak without a rebound.
15:08 of 2nd period - Ryan Nugent-Hopkins wins face-off versus Brandon Sutter in Senateurs zone.
15:19 of 2nd period - Wrist shot by Claude Giroux.
15:19 of 2nd period - Stopped by Jaroslav Halak with a rebound.
15:21 of 2nd period - Wrist shot by Ryan Nugent-Hopkins.
15:21 of 2nd period - Stopped by Jaroslav Halak with a rebound.
15:23 of 2nd period - Slapshot by Jake Gardiner.
15:23 of 2nd period - Deflect By Ryan Nugent-Hopkins.
15:23 of 2nd period - Shot Blocked by Jeff Woywitka.
15:23 of 2nd period - Puck is out of play.
15:24 of 2nd period - Connor McDavid wins face-off versus Erik Haula in Senateurs zone.
16:04 of 2nd period - Minor Penalty to Ryan Nugent-Hopkins for Tripping.
16:05 of 2nd period - Brandon Sutter wins face-off versus Claude Giroux in Oilers zone.
16:09 of 2nd period - Wrist shot by Derick Brassard.
16:09 of 2nd period - Shot Misses the Net.
16:21 of 2nd period - Connor McDavid is hit by Derick Brassard and loses puck.
16:32 of 2nd period - Connor McDavid is hit by Jared Cowen.
18:04 of 2nd period - Penalty to Ryan Nugent-Hopkins is over, Ryan Nugent-Hopkins is back on ice.
18:19 of 2nd period - Peter Regin is hit by Zach Hyman and loses puck.
19:13 of 2nd period - Jake Gardiner is hit by Rostislav Olesz and loses puck.
19:55 of 2nd period - Icing by Jeff Woywitka.
19:56 of 2nd period - Ryan Nugent-Hopkins wins face-off versus Peter Regin in Senateurs zone.
19:57 of 2nd period - Wrist shot by Claude Giroux.
19:57 of 2nd period - Shot Misses the Net.
19:59 of 2nd period - Wrist shot by Leon Draisaitl.
19:59 of 2nd period - Shot Misses the Net.
Goals for this period are 1 for Oilers vs 1 for Senateurs.
Shots for this period are 11 for Oilers vs 2 for Senateurs.
3rd period
0:01 of 3rd period - Ryan Nugent-Hopkins wins face-off versus Brandon Sutter in neutral zone.
1:31 of 3rd period - Snap shot by Peter Mueller.
1:31 of 3rd period - Shot Misses the Net.
1:33 of 3rd period - Slapshot by Trevor Daley.
1:33 of 3rd period - Shot Blocked by Eric Gelinas.
1:35 of 3rd period - Snap shot by Dennis Everberg.
1:35 of 3rd period - Shot Misses the Net.
1:37 of 3rd period - Wrist shot by Tobias Enstrom.
1:37 of 3rd period - Deflect By Peter Mueller.
1:37 of 3rd period - Shot Blocked by Tim Schaller.
1:37 of 3rd period - Puck is out of play.
1:38 of 3rd period - Erik Haula wins face-off versus Ryan Nugent-Hopkins in Senateurs zone.
1:43 of 3rd period - Brady Skjei is hit by Jeff Woywitka and loses puck.
1:52 of 3rd period - Snap shot by Sean Bergenheim.
1:52 of 3rd period - Stopped by James Reimer with a rebound.
1:54 of 3rd period - Slapshot by Jared Cowen.
1:54 of 3rd period - Shot Misses the Net.
2:21 of 3rd period - Snap shot by Claude Giroux.
2:21 of 3rd period - Shot Blocked by Riley Sheahan.
2:23 of 3rd period - Slapshot by Nick Bjugstad.
2:23 of 3rd period - Stopped by Jaroslav Halak with a rebound.
2:25 of 3rd period - Snap shot by Ryan Nugent-Hopkins.
2:25 of 3rd period - Shot Misses the Net.
2:29 of 3rd period - Slapshot by Nick Bjugstad.
2:29 of 3rd period - Stopped by Jaroslav Halak without a rebound.
2:30 of 3rd period - Connor McDavid wins face-off versus Brandon Sutter in Senateurs zone.
2:47 of 3rd period - David Pastrnak is hit by David Backes.
3:17 of 3rd period - Snap shot by Dalton Prout.
3:17 of 3rd period - Stopped by Jaroslav Halak with a rebound.
3:31 of 3rd period - Peter Mueller is hit by Eric Gelinas and loses puck.
3:48 of 3rd period - Wrist shot by Tim Schaller.
3:48 of 3rd period - Stopped by James Reimer with a rebound.
3:50 of 3rd period - Slapshot by Peter Regin.
3:50 of 3rd period - Deflect By Tim Schaller.
3:50 of 3rd period - Stopped by James Reimer without a rebound.
3:51 of 3rd period - Derick Brassard wins face-off versus Ryan Nugent-Hopkins in Oilers zone.
4:18 of 3rd period - Erik Haula is hit by Jake Gardiner and loses puck.
4:27 of 3rd period - Wrist shot by Connor McDavid.
4:27 of 3rd period - Shot Misses the Net.
4:47 of 3rd period - Jared Cowen is hit by James Neal and loses puck.
5:06 of 3rd period - Wrist shot by Peter Regin.
5:06 of 3rd period - Stopped by James Reimer without a rebound.
5:07 of 3rd period - Brandon Sutter wins face-off versus Connor McDavid in Oilers zone.
5:13 of 3rd period - Minor Penalty to Connor McDavid for Slashing.
5:14 of 3rd period - Brandon Sutter wins face-off versus Leon Draisaitl in Oilers zone.
7:13 of 3rd period - Penalty to Connor McDavid is over, Connor McDavid is back on ice.
7:34 of 3rd period - Wrist shot by Garnet Hathaway.
7:34 of 3rd period - Shot Blocked by Tobias Enstrom.
7:50 of 3rd period - Minor Penalty to Tim Schaller for High sticking.
7:51 of 3rd period - Connor McDavid wins face-off versus Derick Brassard in Senateurs zone.
8:08 of 3rd period - Slapshot by Connor McDavid.
8:08 of 3rd period - Shot Misses the Net.
9:50 of 3rd period - Penalty to Tim Schaller is over, Tim Schaller is back on ice.
10:55 of 3rd period - Jeff Woywitka is hit by Zach Hyman and loses puck.
11:06 of 3rd period - Slapshot by Dennis Everberg.
11:06 of 3rd period - Shot Misses the Net.
11:08 of 3rd period - Snap shot by Peter Mueller.
11:08 of 3rd period - Stopped by Jaroslav Halak without a rebound.
11:09 of 3rd period - Ryan Nugent-Hopkins wins face-off versus Brandon Sutter in Senateurs zone.
11:20 of 3rd period - Wrist shot by David Backes.
11:20 of 3rd period - Stopped by James Reimer without a rebound.
11:21 of 3rd period - Brandon Sutter wins face-off versus Ryan Nugent-Hopkins in Oilers zone.
11:24 of 3rd period - Snap shot by David Backes.
11:24 of 3rd period - Shot Misses the Net.
11:26 of 3rd period - Snap shot by Brandon Sutter.
11:26 of 3rd period - Stopped by James Reimer with a rebound.
11:38 of 3rd period - Snap shot by Brandon Sutter.
11:38 of 3rd period - Shot Blocked by Claude Giroux.
11:51 of 3rd period - Off-side.
11:52 of 3rd period - Cody Eakin wins face-off versus Connor McDavid in neutral zone.
12:02 of 3rd period - Icing by Cam Barker.
12:03 of 3rd period - Brandon Sutter wins face-off versus Connor McDavid in Oilers zone.
12:39 of 3rd period - Connor McDavid is hit by Cody Eakin and loses puck.
13:48 of 3rd period - Wrist shot by Ryan Nugent-Hopkins.
13:48 of 3rd period - Stopped by Jaroslav Halak with a rebound.
14:08 of 3rd period - Snap shot by Ryan Nugent-Hopkins.
14:08 of 3rd period - Shot Misses the Net.
14:10 of 3rd period - Snap shot by Nick Bjugstad.
14:10 of 3rd period - Shot Misses the Net.
14:22 of 3rd period - Snap shot by Claude Giroux.
14:22 of 3rd period - Shot Misses the Net.
14:24 of 3rd period - Slapshot by Cam Barker.
14:24 of 3rd period - Stopped by Jaroslav Halak without a rebound.
14:25 of 3rd period - Ryan Getzlaf wins face-off versus Brandon Sutter in Senateurs zone.
14:25 of 3rd period - Ryan Getzlaf is hit by Brandon Sutter.
14:51 of 3rd period - Brady Skjei is hit by Cody Eakin and loses puck.
16:03 of 3rd period - Minor Penalty to Jeff Woywitka for Hooking.
16:04 of 3rd period - Brandon Sutter wins face-off versus Connor McDavid in Senateurs zone.
17:24 of 3rd period - Icing by Cam Barker.
17:25 of 3rd period - Ryan Nugent-Hopkins wins face-off versus Erik Haula in Oilers zone.
18:03 of 3rd period - Penalty to Jeff Woywitka is over, Jeff Woywitka is back on ice.
18:36 of 3rd period - Slapshot by Brady Skjei.
18:36 of 3rd period - Stopped by Jaroslav Halak without a rebound.
18:37 of 3rd period - Erik Haula wins face-off versus Connor McDavid in Senateurs zone.
18:37 of 3rd period - Erik Haula is hit by Connor McDavid.
18:42 of 3rd period - Icing by Michael Frolik.
18:43 of 3rd period - Erik Haula wins face-off versus David Pastrnak in Senateurs zone.
18:52 of 3rd period - Slapshot by Jeff Woywitka.
18:52 of 3rd period - Stopped by James Reimer with a rebound.
19:00 of 3rd period - Wrist shot by Michael Frolik.
19:00 of 3rd period - Stopped by James Reimer with a rebound.
19:02 of 3rd period - Slapshot by Jared Cowen.
19:02 of 3rd period - Deflect By Michael Frolik.
19:02 of 3rd period - Shot Misses the Net.
19:02 of 3rd period - Puck is out of play.
19:03 of 3rd period - Ryan Getzlaf wins face-off versus Cody Eakin in Oilers zone.
19:10 of 3rd period - Slapshot by Brady Skjei.
19:10 of 3rd period - Stopped by Jaroslav Halak with a rebound.
19:19 of 3rd period - Off-side.
19:20 of 3rd period - Connor McDavid wins face-off versus Erik Haula in neutral zone.
Goals for this period are 0 for Oilers vs 0 for Senateurs.
Shots for this period are 8 for Oilers vs 8 for Senateurs.
Overtime #1
0:01 of 1st overtime period - Connor McDavid wins face-off versus Brandon Sutter in neutral zone.
0:12 of 1st overtime period - Slapshot by Connor McDavid.
0:12 of 1st overtime period - Shot Misses the Net.
0:16 of 1st overtime period - Slapshot by Connor McDavid.
0:16 of 1st overtime period - Stopped by Jaroslav Halak without a rebound.
0:17 of 1st overtime period - Brandon Sutter wins face-off versus Connor McDavid in Senateurs zone.
1:39 of 1st overtime period - Jared Cowen is hit by Jake Gardiner and loses puck.
1:58 of 1st overtime period - Rostislav Olesz is hit by Ryan Nugent-Hopkins and loses puck.
3:46 of 1st overtime period - Off-side.
3:47 of 1st overtime period - Cody Eakin wins face-off versus Leon Draisaitl in neutral zone.
4:38 of 1st overtime period - Erik Haula is hit by Connor McDavid.
4:45 of 1st overtime period - Icing by Connor McDavid.
4:46 of 1st overtime period - Ryan Nugent-Hopkins wins face-off versus Cody Eakin in Oilers zone.
4:51 of 1st overtime period - Ladislav Smid is hit by Claude Giroux and loses puck.
Goals for this period are 0 for Oilers vs 0 for Senateurs.
Shots for this period are 1 for Oilers vs 0 for Senateurs.
ShootOut
5:00 of 1st overtime period - Round #1.
5:00 of 1st overtime period - Oilers, Claude Giroux.
5:00 of 1st overtime period - Wrist shot by Claude Giroux.
5:00 of 1st overtime period - Stopped by Jaroslav Halak.
5:00 of 1st overtime period - Senateurs, Cody Eakin.
5:00 of 1st overtime period - Snap shot by Cody Eakin.
5:00 of 1st overtime period - Shot Misses the Net.
5:00 of 1st overtime period - Round #2.
5:00 of 1st overtime period - Oilers, Connor McDavid.
5:00 of 1st overtime period - Wrist shot by Connor McDavid.
5:00 of 1st overtime period - Stopped by Jaroslav Halak.
5:00 of 1st overtime period - Senateurs, Michael Frolik.
5:00 of 1st overtime period - Backhand shot by Michael Frolik.
5:00 of 1st overtime period - Stopped by James Reimer.
5:00 of 1st overtime period - Round #3.
5:00 of 1st overtime period - Oilers, David Pastrnak.
5:00 of 1st overtime period - Snap shot by David Pastrnak.
5:00 of 1st overtime period - Goal by David Pastrnak.
5:00 of 1st overtime period - Senateurs, Derick Brassard.
5:00 of 1st overtime period - Deke by Derick Brassard.
5:00 of 1st overtime period - Shot Misses the Net.